 Dungeon Crawl Stone Soup version 0.29.1-2-gbd0b4ee654 (webtiles) character file.

Game seed: 7812790203170172165

735 qeuew the Ducker (level 7, 0/55 HPs)
             Began as a Merfolk Gladiator on Nov 10, 2022.
             Slain by a water moccasin (7 damage)
             ... on level 5 of the Dungeon.
             The game lasted 00:05:31 (5303 turns).

qeuew the Ducker (Merfolk Gladiator)                Turns: 5303, Time: 00:05:31

Health: 0/55       AC: 11    Str: 16      XL:     7   Next: 74%
Magic:  7/7        EV: 13    Int:  5 (7)  God:
Gold:   209        SH:  5    Dex: 16      Spells: 6/6 levels left

rFire   . . .      SeeInvis .   a - +0 trident
rCold   . . .      Faith    .   (no shield)
rNeg    . . .      Spirit   .   l - +0 ring mail
rPois   .          Reflect  +   c - +1 helmet
rElec   .          Harm     .   i - +3 cloak "Tehapt" {Will+}
rCorr   .          Rampage  .   (no gloves)
Will    +....                   (no boots)
Stlth   +.........              g - amulet of reflection
HPRegen 0.18/turn               (no ring)
MPRegen 0.10/turn               (no ring)

@: lethally poisoned (0 -> -11)
A: (nimble swimmer 2), mertail
a: no special abilities


You were on level 5 of the Dungeon.
You visited 2 branches of the dungeon, and saw 6 of its levels.

You collected 209 gold pieces.

Inventory:

Hand Weapons
 a - a +0 trident (weapon)
Missiles
 d - 3 throwing nets (quivered)
 e - a javelin
Armour
 c - a +1 helmet (worn)
 i - the +3 cloak "Tehapt" (worn) {Will+}
   (You acquired it on level 3 of the Dungeon)

   Will:      It increases your willpower.
 l - a +0 ring mail (worn)
Jewellery
 g - an amulet of reflection (around neck)
Wands
 k - a wand of flame (10)
Scrolls
 b - 2 scrolls of teleportation
 j - a scroll of butterflies {unknown}
 n - a scroll of brand weapon {unknown}
Potions
 f - a potion of ambrosia
 h - a potion of haste
 m - a potion of brilliance


   Skills:
 + Level 4.6 Fighting
 + Level 6.2 Polearms
 + Level 4.1 Throwing
 + Level 2.4 Armour
 + Level 6.3 Dodging


You had 6 spell levels left.
You didn't know any spells.
Your spell library contained the following spells:

 Spells                   Type           Power      Damage    Failure   Level
 Magic Dart               Conj           0%         1d3       69%         1
 Scorch                   Fire           0%         2d5       83%         2
 Searing Ray              Conj           0%         2d4       83%         2
 Gell's Gravitas          Tloc           0%         N/A       96%         3
 Lesser Beckoning         Tloc           0%         N/A       96%         3
 Teleport Other           Tloc           0%         N/A       96%         3
 Flame Wave               Conj/Fire      0%         2d4       100%        4
 Fulminant Prism          Conj/Hex       0%         3d6       100%        4
 Passage of Golubria      Tloc           0%         N/A       100%        4
 Silence                  Hex/Air        0%         N/A       100%        5
 Summon Cactus Giant      Summ           0%         N/A       100%        6
 Lehudib's Crystal Spear  Conj/Erth      0%         10d2      100%        8


Dungeon Overview and Level Annotations

Branches:
Dungeon (5/15)             Temple (1/1) D:4

Altars:
Ashenzari
Cheibriados
Dithmenos
Elyvilon
Fedhas
Kikubaaqudgha
Nemelex Xobeh
Qazlal
Ru
Sif Muna
Uskayaw
Wu Jian
Xom
Yredelemnul

Shops:
D:3 [


Innate Abilities, Weirdness & Mutations

((You are very nimble when in or above water. (Stealth+, EV+, Speed+++)))
Your lower body shifts to a powerful aquatic tail in water.


Message History

You block the water moccasin's attack. The iguana bites you!
You barely miss the iguana.
The iguana is heavily wounded.
The water moccasin bites you.
You are poisoned.
The water moccasin poisons you! The iguana misses you.
The water moccasin bites you.
You hit the iguana but do no damage.
The iguana is heavily wounded.
You feel sick. You block the water moccasin's attack.
You block the iguana's attack.
You hit the iguana.
The iguana is severely wounded.
You feel sick. The water moccasin barely misses you. The iguana bites you!
* * * LOW HITPOINT WARNING * * *
You are too injured to fight recklessly!
You are too injured to fight recklessly!
You are too injured to fight recklessly!
You are too injured to fight recklessly!
You are too injured to fight recklessly!
You are too injured to fight recklessly!
You are too injured to fight recklessly!
You are too injured to fight recklessly!
You are too injured to fight recklessly!
You are too injured to fight recklessly!
You are too injured to fight recklessly!
You are too injured to fight recklessly!
You are too injured to fight recklessly!
You feel sick. The water moccasin barely misses you.
You feel sick.
You closely miss the water moccasin.
You feel sick. The water moccasin bites you.
* * * LOW HITPOINT WARNING * * *
You are lethally poisoned!
The water moccasin poisons you!
You closely miss the water moccasin.
* * * LOW HITPOINT WARNING * * *
You feel very sick. The water moccasin bites you!
You die...

##..#..##....
##########..#
..###.....#....#
##.# ....
..###...##.# #.#
....... #
##.###.# #.#
...... .. ..#
#.# ......# #.#
#.#
##.#########.#
#............#
##@###########
#S# #l#
....../........
######.........
#...####.# #####
#.### #).. #..#


You could see a water moccasin and an iguana.

Vanquished Creatures
  A black bear (D:4)
  2 ogres
  2 phantoms
  A scorpion (D:4)
  A jelly (D:5)
  Crazy Yiuf (D:2)
  Robin (D:2)
  12 adders
  A worm (D:2)
  A dart slug (D:3)
  2 orcs (D:4)
  7 ball pythons
  5 endoplasms
  17 goblins
  12 hobgoblins
  3 jackals (D:1)
  6 quokkas
  3 bats
  2 frilled lizards (D:1)
  14 kobolds
  5 rats
99 creatures vanquished.

Notes
Turn   | Place    | Note
-------+----------+-------------------------------------------
     0 | D:1      | qeuew the Merfolk Gladiator began the quest for the Orb.
     0 | D:1      | Reached XP level 1. HP: 16/16 MP: 1/1
   399 | D:1      | Reached XP level 2. HP: 23/23 MP: 2/2
   746 | D:1      | Reached XP level 3. HP: 28/28 MP: 3/3
  1539 | D:2      | Noticed Robin
  1558 | D:2      | Killed Robin
  1559 | D:2      | Reached XP level 4. HP: 7/34 MP: 4/4
  1568 | D:2      | Reached skill level 1 in Armour
  2058 | D:2      | Found a runed translucent door.
  2059 | D:2      | Noticed Crazy Yiuf
  2291 | D:2      | Found a faded altar of an unknown god.
  2429 | D:2      | Killed Crazy Yiuf
  2430 | D:2      | Reached XP level 5. HP: 41/41 MP: 5/5
  2500 | D:3      | Found Keizxats's Armour Boutique.
  2578 | D:3      | Reached skill level 5 in Dodging
  2730 | D:3      | Reached skill level 5 in Polearms
  3462 | D:3      | Identified a scroll of acquirement
  3462 | D:3      | Acquired the +3 cloak "Tehapt" {Will+}
  3545 | D:4      | Reached XP level 6. HP: 38/47 MP: 6/6
  4503 | D:4      | Found a staircase to the Ecumenical Temple.
  4509 | Temple   | Entered the Ecumenical Temple
  4603 | D:4      | Found a stormy altar of Qazlal.
  4632 | D:4      | Noticed a black bear
  4640 | D:4      | Killed a black bear
  4641 | D:4      | Reached XP level 7. HP: 47/54 MP: 7/7
  4842 | D:5      | Entered Level 5 of the Dungeon
  5303 | D:5      | Slain by a water moccasin

Illustrated notes

Levels and vault maps discovered:
D:1:      reono_arrival_mine, layout_loops_corners
D:2:      layout_loops_ring, shapermc_ecumenical_altar_notcrosses, minivault_14,
          uniq_crazy_yiuf_cottage, uniq_robin
D:3:      minmay_chambers_of_twos, layout_loops_ring, serial_shops, shop
D:4:      layout_loops_ring, nicolae_qazlal_eye_of_the_storm,
          minmay_temple_entry_enclosed_plants, minmay_misc_feat_room,
          kennysheep_minor_cross, supply_closet_lemuel
D:5:      layout_loops_ring
Temple:   nicolae_temple_ecumenical_triangle

Skill      XL: |  1  2  3  4  5  6  7 |
---------------+----------------------+-----
Armour         | 1 2 |  2.4
Fighting       | 3 4 |  4.6
Dodging        | 5 6 |  6.3
Polearms       | 5 6 |  6.2
Throwing       | 3 4 |  4.1

Action                   |  1- 3 |  4- 6 |  7- 9 || total
-------------------------+-------+-------+-------++-------
Melee: Trident           |   142 |   212 |    49 ||   403
       Punch             |       |     2 |       ||     2
Throw: Throwing net      |     1 |     1 |       ||     2
  Use: Potion            |     3 |     4 |     2 ||     9
       Scroll            |     2 |     3 |       ||     5
 Stab: Sleeping          |     2 |       |       ||     2
Armor: Leather armour    |    20 |       |       ||    20
       Ring mail         |    23 |    60 |     6 ||    89
Dodge: Dodged            |    85 |    89 |    24 ||   198
Block: Other             |       |    32 |     8 ||    40
       Reflection        |       |     1 |       ||     1
